 Dungeon Crawl Stone Soup version 0.19.5 (webtiles) character file.

754 Onaxys the Basher (level 7, -2/76 HPs)
             Began as an Ogre Berserker on May 15, 2017.
             Was a Priest of Trog.
             Slain by an orc wizard
             ... wielding a +0 dagger
              (4 damage)
             ... on level 4 of the Dungeon.
             The game lasted 00:14:13 (3685 turns).

Onaxys the Basher (Ogre Berserker)                  Turns: 3685, Time: 00:14:13

Health: -2/76      AC:  4    Str: 25    XL:     7   Next: 79%
Magic:  7/7        EV: 11    Int:  6    God:    Trog [***...]
Gold:   250        SH:  0    Dex:  9    Spells: 0 memorised, 6 levels left

rFire  + . .     SeeInvis .     u - +2 spear (venom)
rCold  . . .     Gourm    .     A - +1 robe of Dishonesty {rF++ rC-}
rNeg   . . .     Faith    +     (no shield)
rPois  .         Spirit   .     (helmet restricted)
rElec  .         Reflect  .     (no cloak)
rCorr  .         Harm     .     (gloves unavailable)
MR     .....                    (boots unavailable)
Stlth  +.........               l - amulet of faith
                                (no ring)
                                f - ring of ice

@: no status effects
A: unfitting armour, tough skin 1
a: Berserk, Trog's Hand, Burn Spellbooks, Renounce Religion


You were on level 4 of the Dungeon.
You worshipped Trog.
Trog was most pleased with you.
You were hungry.

You visited 1 branch of the dungeon, and saw 4 of its levels.

You collected 250 gold pieces.

Inventory:

Hand Weapons
 a - a +0 mace
 u - a +2 spear of venom (weapon)
Armour
 b - a +0 animal skin
 A - the +1 robe of Dishonesty (worn) {rF++ rC-}
   (You found it on level 4 of the Dungeon)

   It greatly protects you from fire.
   It makes you vulnerable to cold.
Jewellery
 f - a ring of ice (left hand)
 l - an amulet of faith (around neck)
Wands
 s - a wand of digging (11/24)
 z - a wand of disintegration (6/24)
Scrolls
 e - 2 scrolls of random uselessness
 g - 3 scrolls of remove curse
 i - a scroll of noise {unknown}
 k - a scroll of brand weapon {unknown}
 n - a scroll of enchant armour {unknown}
 o - a scroll of recharging {unknown}
 r - a scroll of identify {unknown}
 t - a scroll of teleportation
Potions
 d - 3 potions of cancellation {unknown}
 h - a potion of mutation {unknown}
 m - a potion of heal wounds {unknown}
 q - 2 potions of curing {unknown}
 v - a potion of flight {unknown}
 w - a potion of berserk rage {unknown}
 x - a potion of degeneration {unknown}
Books
 y - a book of Cantrips

   Spells                             Type                      Level
   a - Confusing Touch                Hexes                        1
   b - Animate Skeleton               Necromancy                   1
   c - Summon Small Mammal            Summoning                    1
   d - Apportation                    Translocation                1
   Trog disapproves of the use of such an item.
Comestibles
 c - a bread ration
 j - a meat ration
 p - a beef jerky


   Skills:
 + Level 6.7 Fighting
 + Level 9.0 Maces & Flails
 + Level 4.2 Dodging
 + Level 0.7 Stealth


You had 6 spell levels left.
You didn't know any spells.

Dungeon Overview and Level Annotations

Branches:
Dungeon (4/15)
 Temple: D:4-7

Altars:

Shops:
D:4 (


Innate Abilities, Weirdness & Mutations

You are too large for most types of armour.
You have tough skin. (AC +1)


Message History

The puff of flame hits you! You resist.
* * * LOW HITPOINT WARNING * * *
You completely miss the orc.
The orc is lightly wounded.
The orc barely misses you. Something hits you but does no damage.
You are feeling hungry.
You hit the orc.
The orc looks even sicker.
The orc is severely wounded.
The orc misses you. Something hits you.
* * * LOW HITPOINT WARNING * * *
You barely miss the orc.
The orc is severely wounded.
The orc hits you but does no damage. Something hits you.
* * * LOW HITPOINT WARNING * * *
You hit the orc but do no damage.
The orc looks as sick as possible!
The orc is severely wounded.
You kill the orc!
Trog accepts your kill. Something hits you.
You die...

#......####.#
#.#...##. ..######
##.###...## #.
###..##..### #
#....#[..# .##.....#
.# #.....#########
..###..#..........#
.# #....#..........#
####@..........(...#
#.){)..#############
.......)...#
#####.#..### #.#.##
# #.# ..# ?... #####


There were no monsters in sight!

Vanquished Creatures
  The ghost of bananaglory the Chopper, an amateur HOFi (D:3)
  Menkaure (D:4)
  A howler monkey (D:4)
  3 orc priests
  A bullfrog skeleton (D:4)
  2 orc wizards (D:4)
  Ijyb (D:2)
  Terence (D:2)
  Natasha (thrice) (D:2)
  5 adders
  2 oozes (D:1)
  4 worms
  4 leopard geckos
  12 orcs
  3 ball pythons
  4 bats
  8 giant cockroaches
  3 goblins
  5 hobgoblins
  4 jackals (D:1)
  6 kobolds
  A quokka (D:2)
  5 frilled lizards
  9 rats
89 creatures vanquished.

Vanquished Creatures (others)
  A plant (D:3)
1 creature vanquished.

Grand Total: 90 creatures vanquished

Notes
Turn   | Place    | Note
-------+----------+-------------------------------------------
     0 | D:1      | Onaxys the Ogre Berserker began the quest for the Orb.
     0 | D:1      | Reached XP level 1. HP: 24/24 MP: 1/1
    58 | D:1      | Reached XP level 2. HP: 31/32 MP: 2/2
   299 | D:1      | Reached XP level 3. HP: 31/40 MP: 3/3
   403 | D:1      | Reached ** piety under Trog
   403 | D:1      | Reached skill level 5 in Maces & Flails
   855 | D:2      | Noticed Terence
   870 | D:2      | Killed Terence
   870 | D:2      | Reached XP level 4. HP: 29/49 MP: 4/4
   884 | D:2      | Noticed Natasha
   892 | D:2      | Killed Natasha
  1262 | D:2      | Reached XP level 5. HP: 51/55 MP: 5/5
  1312 | D:2      | Noticed Ijyb
  1323 | D:2      | Killed Ijyb
  1323 | D:2      | Reached skill level 5 in Fighting
  1323 | D:2      | Reached skill level 6 in Maces & Flails
  1423 | D:2      | Noticed Natasha
  1430 | D:2      | Killed Natasha
  1438 | D:2      | Noticed Natasha
  1442 | D:2      | Killed Natasha
  1758 | D:3      | Reached XP level 6. HP: 61/66 MP: 6/6
  1869 | D:3      | Reached *** piety under Trog
  1888 | D:3      | Reached skill level 7 in Maces & Flails
  2035 | D:3      | Noticed bananaglory's ghost (amateur HOFi)
  2044 | D:3      | Killed bananaglory's ghost
  2093 | D:3      | Reached XP level 7. HP: 64/74 MP: 7/7
  3216 | D:4      | Reached skill level 8 in Maces & Flails
  3354 | D:4      | Found Niredd's Antique Weapon Emporium.
  3382 | D:4      | Noticed Menkaure
  3389 | D:4      | Killed Menkaure
  3637 | D:4      | Got a twisted robe
  3648 | D:4      | Identified the +1 robe of Dishonesty {rF++ rC-} (You found it on level 4 of the Dungeon)
  3670 | D:4      | Reached skill level 9 in Maces & Flails
  3684 | D:4      | HP: 1/76 [something (3)]
  3685 | D:4      | Slain by an orc wizard

Skill      XL: |  1  2  3  4  5  6  7 |
---------------+----------------------+-----
Dodging        | 3 4 |  4.2
Maces & Flails | 5 6 7 9 |  9.0
Fighting       | 5 6 |  6.7
Stealth        | |  0.7

Action                   |  1- 3 |  4- 6 |  7- 9 || total
-------------------------+-------+-------+-------++-------
Melee: Mace              |   108 |   134 |    57 ||   299
       Spear             |       |       |    15 ||    15
Invok: Berserk           |       |     1 |     1 ||     2
  Use: Scroll            |       |       |     3 ||     3
 Stab: Sleeping          |     1 |       |       ||     1
  Eat: Chunk             |       |     5 |     1 ||     6
       Bread ration      |       |       |     1 ||     1
Armor: Animal skin       |    29 |    29 |    10 ||    68
       Robe              |       |       |     6 ||     6
Dodge: Dodged            |    49 |    65 |    29 ||   143
